 Dungeon Crawl Stone Soup version 0.27.1 (webtiles) character file.

Game seed: 15388361216592274738

11044 ZARRMARR the Protected (level 11, -2/101 HPs)
             Began as a Minotaur Berserker on Aug 22, 2021.
             Was a High Priest of Trog.
             Killed by divine providence
             ... invoked by a smoke demon
             ... summoned by a kobold demonologist
              (13 damage)
             ... on level 10 of the Dungeon.
             The game lasted 00:59:06 (13793 turns).

ZARRMARR the Protected (Minotaur Berserker)        Turns: 13793, Time: 00:59:09

Health: -2/101     AC: 19    Str: 24    XL:     11   Next: 44%
Magic:  0/10       EV:  9    Int:  4    God:    Trog [*****.]
Gold:   557        SH:  4    Dex: 11    Spells: 10/10 levels left

rFire    . . .     SeeInvis .   w - +2 flail (vorpal)
rCold    + . .     Faith    .   A - +0 buckler
rNeg     . . .     Spirit   +   E - +0 plate armour
rPois    +         Reflect  .   e - +2 hat
rElec    .         Harm     .   (no cloak)
rCorr    .         Rampage  .   (no gloves)
Will     .....                  v - +0 pair of boots
Stlth    ..........             o - amulet of guardian spirit
HPRegen  0.26/turn              g - ring of protection from cold
MPRegen  0.12/turn              d - ring of poison resistance

@: on berserk cooldown, slowed, very slow
A: horns 2, retaliatory headbutt
a: Renounce Religion, Berserk, Trog's Hand, Brothers in Arms


You were on level 10 of the Dungeon.
You worshipped Trog.
Trog was extremely pleased with you.
You visited 1 branch of the dungeon, and saw 10 of its levels.

You collected 557 gold pieces.

Inventory:

Hand Weapons
 i - a +3 hand axe of flaming
 w - a +2 vorpal flail (weapon)
 y - a +2 whip of venom
 B - the +7 short sword of the Wasteland {vorpal, Dex+3}
   (You found it on level 8 of the Dungeon)

   It inflicts extra damage upon your enemies.
   Dex:       It affects your dexterity (+3).
 D - a +4 great sword of freezing
 F - a +2 antimagic glaive
 K - a +1 broad axe of electrocution
Missiles
 f - 336 stones
 l - 20 javelins
 p - 29 poisoned darts
 G - 2 throwing nets
 N - 5 boomerangs (quivered)
Armour
 e - a +2 hat (worn)
 v - a +0 pair of boots (worn)
 A - a +0 buckler (worn)
 C - a +0 kite shield
 E - a +0 plate armour (worn)
 H - +0 acid dragon scales
Jewellery
 a - a ring of see invisible
 d - a ring of poison resistance (right hand)
 g - a ring of protection from cold (left hand)
 o - an amulet of guardian spirit (around neck)
 q - a ring of willpower
Wands
 m - a wand of digging (1)
 x - a wand of charming (9)
 I - a wand of acid (9)
 M - a wand of polymorph (9)
Scrolls
 b - 4 scrolls of blinking {unknown}
 c - 5 scrolls of teleportation
 r - 2 scrolls of brand weapon
 s - 2 scrolls of fog
 u - 3 scrolls of vulnerability {unknown}
 J - a scroll of acquirement {unknown}
 L - a scroll of magic mapping {unknown}
Potions
 h - a potion of lignification
 j - 4 potions of flight
 k - a potion of haste
 n - a potion of curing
 z - a potion of degeneration {unknown}


   Skills:
 + Level 10.7 Fighting
 * Level 5.4 Short Blades
 - Level 11.4 Maces & Flails
 + Level 13.1 Armour
 + Level 5.2 Dodging
 + Level 3.3 Shields


You had 10 spell levels left.
You didn't know any spells.
Your spell library contained the following spells:

 Spells                   Type           Power      Damage    Failure   Level
 Beastly Appendage        Tmut           0%         N/A       99%         1
 Wereblood                Tmut           0%         N/A       100%        2
 Call Canine Familiar     Summ           0%         N/A       100%        3
 Inner Flame              Hex/Fire       0%         N/A       100%        3
 Portal Projectile        Hex/Tloc       0%         N/A       100%        3
 Spider Form              Tmut/Pois      0%         N/A       100%        3
 Cause Fear               Hex            0%         N/A       100%        4
 Leda's Liquefaction      Hex/Erth       0%         N/A       100%        4
 Summon Forest            Summ/Tloc      0%         N/A       100%        5
 Eringya's Noxious Bog    Tmut/Pois      0%         N/A       100%        6
 Summon Hydra             Summ           0%         N/A       100%        7
 Borgnjor's Revivificati  Necr           0%         N/A       100%        8
 Discord                  Hex            0%         N/A       100%        8
 Necromutation            Tmut/Necr      0%         N/A       100%        8
 Death's Door             Necr           0%         N/A       100%        9


Dungeon Overview and Level Annotations

Branches:
Dungeon (10/15)            Temple (0/1) D:7            Lair (0/6) D:9
    Orc (0/2) D:9

Altars:
Gozag
Kikubaaqudgha
Makhleb
Nemelex Xobeh
Okawaru
Sif Muna
Xom
Zin

Shops:
D:3 [   D:6 :   D:9 =

Annotations:
D:10 robertstho's ghost, novice TrDe


Innate Abilities, Weirdness & Mutations

You have a pair of horns on your head.
You reflexively headbutt those who attack you in melee.


Message History

You feel yourself slow down.
The kobold brigand throws a poisoned dart.
The poisoned dart barely misses you.
The kobold brigand throws a poisoned dart.
The poisoned dart barely misses you.
You closely miss robertstho's ghost. You headbutt robertstho's ghost!
Robertstho's ghost is lightly damaged.
The kobold demonologist misses you. Robertstho's ghost hits you.
The kobold brigand hits you but does no damage.
The kobold demonologist closely misses you.
Robertstho's ghost hits you!
You hit robertstho's ghost.
Robertstho's ghost is lightly damaged.
The kobold demonologist mumbles some strange words.
Robertstho's ghost hits you!
You closely miss robertstho's ghost.
Robertstho's ghost is lightly damaged.
Robertstho's ghost hits you but does no damage.
Robertstho's ghost hits you!
You bludgeon robertstho's ghost!!
Robertstho's ghost is moderately damaged.
Robertstho's ghost hits you!
You miss robertstho's ghost.
Robertstho's ghost is moderately damaged.
Robertstho's ghost hits you!
The kobold demonologist mumbles some strange words.
You bludgeon robertstho's ghost!! You headbutt robertstho's ghost.
Robertstho's ghost is heavily damaged.
Robertstho's ghost hits you!
* * * LOW HITPOINT WARNING * * *
Robertstho's ghost hits you!
* * * LOW HITPOINT WARNING * * *
As you read the scroll of summoning, it crumbles to dust.
Wisps of shadow whirl around you...
The kobold brigand hits your kobold with a +0 club!
Your kobold dies!
Your kobold's corpse dissolves into shadows!
The smoke demon gestures at you. Something smites you!
You die...

#.##.##.# #....# ####..
#.<.....# #....# #.. ####.####
####.## #.. ###.######## #...#
#.. #...##.....# #...#######..
#.####.....######......>.....
#.# #..K......3#............ #.#
#.[.Ky###.K............. ##†##
#..KKyy@WKK5....####.#.. ###...#
###y##K##KK'##..# #.#.. #...#.#
#.####KKK..##.# #.#.. #.#...#
#.# #.#K..#.#.# #.#.. #.#####
#.# #⌠.#.#.⌠#.####....
#.#########.###.#...#.##........
#.##..........##.....###.###....
#.##.....(.###.##!?.## #.#......
#..........###.###### #.#.#..##


You could see a kobold demonologist, a smoke demon (summoned), 8 kobold
brigands, a quasit (summoned), robertstho's ghost (ally target), a friendly
kobold brigand (summoned), 4 friendly killer bees and 4 friendly kobolds.

Vanquished Creatures
  Snorg (D:10)
  Harold (D:10)
  A boulder beetle (D:7)
  A two-headed ogre (D:8)
  Urug (D:10)
  Joseph (D:7)
  A gargoyle (D:10)
  A troll (D:10)
  A meliai zombie (D:10)
  Sigmund (D:2)
  A wraith (D:7)
  Eustachio (D:6)
  8 yaks
  3 vampire mosquitoes (D:10)
  A water moccasin (D:8)
  2 ice beasts
  An acid dragon (D:10)
  A sky beast (D:5)
  4 orc warriors
  2 black bears
  4 ogres
  5 necrophages (D:4)
  4 centaurs
  A phantom (D:4)
  A kobold brigand (D:9)
  Blork the orc (D:5)
  3 gnoll sergeants
  A scorpion (D:7)
  A water moccasin skeleton (D:5)
  6 killer bees (D:9)
  9 wights (D:8)
  3 electric eels (D:6)
  A centaur zombie (D:6)
  A crimson imp (D:5)
  A howler monkey (D:8)
  2 jellies (D:4)
  A bullfrog zombie (D:5)
  5 orc priests
  A human zombie (D:4)
  A centaur skeleton (D:5)
  4 iguanas
  A scorpion zombie (D:4)
  14 orc wizards
  2 killer bee zombies
  2 hound zombies
  A hound skeleton (D:4)
  3 mummies (D:4)
  16 gnolls
  A howler monkey skeleton (D:7)
  3 adders
  2 shadow imps
  A white imp (D:7)
  An adder zombie (D:4)
  2 worms (D:3)
  3 dart slugs
  37 orcs
  14 bats
  4 endoplasms
  2 giant cockroaches
  2 goblins
  4 hobgoblins
  12 jackals
  2 quokkas (D:4)
  5 ball pythons
  3 frilled lizards
  16 kobolds
  5 rats
  3 bushes (D:2)
251 creatures vanquished.

Vanquished Creatures (others)
  5 fungi (D:9)
  19 plants
24 creatures vanquished.

Grand Total: 275 creatures vanquished

Notes
Turn   | Place    | Note
-------+----------+-------------------------------------------
     0 | D:1      | ZARRMARR the Minotaur Berserker began the quest for the
                  | Orb.
     0 | D:1      | Reached XP level 1. HP: 19/19 MP: 0/0
   371 | D:1      | Found a faded altar of an unknown god.
   493 | D:1      | Reached XP level 2. HP: 23/27 MP: 1/1
  1521 | D:2      | Noticed Sigmund
  1534 | D:2      | Reached skill level 3 in Armour
  1536 | D:2      | HP: 1/27 [something (4)]
  1537 | D:2      | Killed Sigmund
  1538 | D:2      | Reached skill level 5 in Fighting
  1538 | D:2      | Reached skill level 5 in Maces & Flails
  1538 | D:2      | Reached skill level 4 in Armour
  1538 | D:2      | Reached XP level 3. HP: 2/36 MP: 2/2
  1538 | D:2      | Reached XP level 4. HP: 3/42 MP: 3/3
  1538 | D:2      | Reached XP level 5. HP: 3/48 MP: 4/4
  2304 | D:2      | Reached ** piety under Trog
  3083 | D:3      | Found an opulent altar of Gozag.
  3170 | D:3      | Found a glowing silver altar of Zin.
  3481 | D:3      | Found Etzumak's Antique Armour Shoppe.
  3523 | D:3      | Reached XP level 6. HP: 56/56 MP: 5/5
  4030 | D:4      | Reached skill level 5 in Armour
  4283 | D:4      | Found an ancient bone altar of Kikubaaqudgha.
  4306 | D:4      | Reached XP level 7. HP: 58/61 MP: 3/6
  4314 | D:4      | Reached skill level 6 in Armour
  4444 | D:4      | Reached skill level 7 in Armour
  4533 | D:4      | Found a sparkling altar of Nemelex Xobeh.
  4629 | D:4      | Reached XP level 8. HP: 69/70 MP: 7/7
  4668 | D:4      | Reached *** piety under Trog
  5391 | D:5      | Entered Level 5 of the Dungeon
  5693 | D:5      | Noticed Blork the orc
  5697 | D:5      | Killed Blork the orc
  5769 | D:5      | Reached skill level 8 in Armour
  6211 | D:5      | Found a burning altar of Makhleb.
  6211 | D:5      | Found a shimmering altar of Xom.
  6533 | D:6      | Reached XP level 9. HP: 79/79 MP: 8/8
  7200 | D:6      | Reached skill level 9 in Armour
  7678 | D:6      | Found Riosch's Book Shoppe.
  7803 | D:6      | Noticed Eustachio
  7814 | D:6      | Killed Eustachio
  8428 | D:7      | Reached skill level 10 in Maces & Flails
  8508 | D:7      | Noticed a boulder beetle
  8535 | D:7      | HP: 3/79 [boulder beetle (11)]
  8759 | D:7      | Noticed Joseph
  8769 | D:7      | Killed Joseph
  8770 | D:7      | Reached skill level 10 in Armour
  9009 | D:7      | Found a staircase to the Ecumenical Temple.
  9194 | D:7      | Reached **** piety under Trog
  9574 | D:7      | Killed a boulder beetle
  9575 | D:7      | Reached XP level 10. HP: 38/88 MP: 3/9
  9826 | D:7      | Found an iron altar of Okawaru.
 10091 | D:8      | Identified the +7 short sword of the Wasteland {vorpal,
                  | Dex+3}
 10131 | D:8      | Reached skill level 11 in Armour
 10228 | D:8      | Found a shimmering blue altar of Sif Muna.
 10237 | D:8      | Reached skill level 1 in Short Blades
 10835 | D:8      | Noticed a two-headed ogre
 10841 | D:8      | Killed a two-headed ogre
 10842 | D:8      | Reached skill level 1 in Shields
 12010 | D:9      | Found a staircase to the Orcish Mines.
 12021 | D:9      | Found a staircase to the Lair.
 12188 | D:9      | Found Ymueh's Jewellery Emporium.
 12580 | D:10     | Entered Level 10 of the Dungeon
 12586 | D:10     | Reached skill level 12 in Armour
 12602 | D:10     | Reached skill level 5 in Dodging
 12664 | D:10     | Noticed Urug
 12678 | D:10     | Killed Urug
 12678 | D:10     | Reached ***** piety under Trog
 12679 | D:10     | Reached skill level 10 in Fighting
 12679 | D:10     | Reached XP level 11. HP: 99/99 MP: 8/10
 12955 | D:10     | Noticed Snorg
 12966 | D:10     | Killed Snorg
 12976 | D:10     | Noticed Harold
 12990 | D:10     | Killed Harold
 12991 | D:10     | Reached skill level 5 in Short Blades
 13005 | D:10     | Received a gift from Trog
 13179 | D:10     | Found a runed translucent gate.
 13179 | D:10     | Found a runed translucent gate.
 13179 | D:10     | Found a runed translucent gate.
 13180 | D:10     | Noticed robertstho's ghost (novice TrDe)
 13435 | D:10     | Reached skill level 13 in Armour
 13793 | D:10     | Killed from afar by a smoke demon

Illustrated notes

Levels and vault maps discovered:
D:1:      dpeg_arrival_rooms_c, layout_basic, basic_ecumenical_altar
D:2:      layout_loops_ring, lexackson_kobold_supper, uniq_sigmund
D:3:      layout_basic, pdpol_temple_overflow_zin_treasury_gozag_greed,
          serial_shops, nicolae_shop_crystal
D:4:      layout_loops_ring, nemelex_diamond_rough_becter,
          lemuel_mausoleum_altar_kikubaaqudgha
D:5:      layout_basic, grunt_temple_overflow_champion_of_chaos,
          uniq_blork_the_orc
D:6:      layout_gridville, serial_shops, shop, serial_bayou_lake_a,
          uniq_eustachio
D:7:      layout_loops_ring, okawaru_altar_gauntlet_db,
          minmay_temple_entry_waves, uniq_joseph
D:8:      layout_basic, nicolae_sif_muna_little_library, grunt_ogre_cave,
          roderic_batcave
D:9:      layout_loops_cross, dpeg_oklobed_lair, orc_0_dummy, serial_shops, shop
D:10:     layout_loops_cross, gammafunk_ghost_nasty_kobolds, uniq_urug,
          uniq_snorg, uniq_harold

Skill      XL: |  1  2  3  4  5  6  7  8  9 10 11 |
---------------+----------------------------------+-----
Maces & Flails | 5 6 7 9 11 | 11.4
Fighting       | 5 6 7 8 10 | 10.7
Armour         | 4 5 7 8 10 12 13 | 13.1
Dodging        | 3 4 5 |  5.2
Short Blades   | 4 5 |  5.4
Shields        | 2 3 |  3.3

Action                   |  1- 3 |  4- 6 |  7- 9 | 10-12 || total
-------------------------+-------+-------+-------+-------++-------
Melee: Mace              |    47 |   250 |   152 |       ||   449
       Headbutt          |     3 |    81 |    64 |    53 ||   201
       Flail             |       |       |   114 |   277 ||   391
Throw: Stone             |    13 |    32 |    59 |    27 ||   131
       Boomerang         |       |    25 |    27 |    14 ||    66
       Dart              |       |       |       |     1 ||     1
Invok: Berserk           |     3 |     8 |    19 |    19 ||    49
       Trog's Hand       |       |       |     1 |       ||     1
  Use: Scroll            |     2 |     4 |     1 |     3 ||    10
       Potion            |       |       |     4 |       ||     4
Armor: Chain mail        |    23 |    51 |   136 |    26 ||   236
       Plate armour      |       |       |       |   116 ||   116
Dodge: Dodged            |    14 |    34 |   125 |    77 ||   250
Block: Buckler           |       |       |       |    34 ||    34
